 Dungeon Crawl Stone Soup version 0.27-a0-1359-ga2a4dfd6fd (webtiles) character file.

Game seed: 12343021994429775723

109 hilljack the Skirmisher (level 4, -2/29 HPs)
             Began as a Gargoyle Berserker on June 28, 2021.
             Was a Believer of Trog.
             Killed by divine providence
             ... invoked by an orc priest
              (8 damage)
             ... on level 3 of the Dungeon.
             The game lasted 00:03:29 (2465 turns).

hilljack the Skirmisher (Gargoyle Berserker)        Turns: 2465, Time: 00:03:30

Health: -2/29      AC:  9    Str: 21    XL:     4   Next: 89%
Magic:  4/4        EV: 12    Int:  7    God:    Trog [**....]
Gold:   159        SH:  0    Dex: 10    Spells: 3/3 levels left

rFire    . . .     SeeInvis .   a - +1 mace (freeze)
rCold    . . .     Faith    .   (no shield)
rNeg     + . .     Spirit   .   l - +0 leather armour
rPois    ∞         Reflect  .   k - +0 helmet
rElec    +         Harm     .   (no cloak)
rCorr    .         Rampage  .   (no gloves)
Will     .....                  g - +0 pair of boots
Stlth    ++........             (no amulet)
HPRegen  0.09/turn              (no ring)
MPRegen  0.09/turn              (no ring)

@: no status effects
A: sickness immunity, AC +3, negative energy resistance 1, electricity
resistance, torment resistance 1, petrification resistance
a: Renounce Religion, Berserk, Trog's Hand


You were on level 3 of the Dungeon.
You worshipped Trog.
Trog was pleased with you.
You visited 1 branch of the dungeon, and saw 3 of its levels.

You collected 159 gold pieces.

Inventory:

Hand Weapons
 a - a +1 mace of freezing (weapon)
Missiles
 c - 3 atropa-tipped darts
 e - 7 curare-tipped darts
Armour
 g - a +0 pair of boots (worn)
 k - a +0 helmet (worn)
 l - a +0 leather armour (worn)
Wands
 j - a wand of flame (4) (quivered)
Scrolls
 f - a scroll of teleportation
Potions
 d - 2 potions of might
 h - 2 potions of lignification {unknown}
 i - 4 potions of curing {unknown}


   Skills:
 + Level 3.9 Fighting
 + Level 3.5 Maces & Flails
 + Level 3.0 Armour
 + Level 2.2 Dodging
 + Level 2.1 Stealth
 + Level 0.0 Evocations


You had 3 spell levels left.
You didn't know any spells.
Your spell library was empty.

Dungeon Overview and Level Annotations

Branches:
Dungeon (3/15)

Altars:
Yredelemnul


Innate Abilities, Weirdness & Mutations

You are immune to sickness and miasma.
Your stone body is resilient. (AC +3)
You are immune to poison.
You resist negative energy. (rN+)
You are resistant to electric shocks. (rElec)
You are resistant to unholy torment.
You are immune to petrification.


Message History

A ball python comes into view.
The puff of flame hits the ball python.
You kill the ball python!
Trog accepts your kill.
i - 4 red potions (gained 1)
A bat comes into view.
Found a war axe.
You see here a quokka corpse.
The puff of flame hits the bat.
You kill the bat!
Trog accepts your kill.
An orc priest comes into view. It is wielding a +0 flail.
The orc priest shouts!
The orc priest mumbles some strange prayers to Beogh against you.
Beogh smites you!
You hear a shout!
You see here 15 gold pieces.
The puff of flame hits the orc priest but does no damage.
An orc priest comes into view. It is wielding a +0 whip.
The puff of flame hits the orc priest.
The orc priest is moderately wounded.
The orc priest shouts!
An orc comes into view. It is wielding a +0 flail.
The puff of flame hits the orc priest!
The orc priest is almost dead.
You hear a shout!
The orc priest casts a cantrip, but nothing happens.
An orc comes into view. It is wielding a +0 club.
The puff of flame hits the orc priest!
The orc priest is heavily wounded.
The orc priest invokes the aid of Beogh against you.
Pain shoots through your body!
The puff of flame hits the orc priest.
The orc priest is severely wounded.
The orc priest invokes the aid of Beogh against you.
Beogh smites you!
* * * LOW HITPOINT WARNING * * *
The orc priest invokes the aid of Beogh against you.
Beogh smites you!
You die...

#......#.#.
##.##### #..#
#..# #..# #..#
##.#
#.#######†#######
.ooo)...@.†......
######$....#####
#.....# #.....#
#.....# #.....#
#.....# #.....#
#.....#


You could see 2 orc priests and an orc.

Vanquished Creatures
  Jessica (D:2)
  Robin (D:2)
  2 dart slugs
  2 endoplasms
  2 giant cockroaches (D:2)
  12 goblins
  11 hobgoblins
  6 jackals
  2 quokkas
  7 ball pythons
  8 bats
  2 frilled lizards (D:1)
  2 kobolds (D:1)
  5 rats
63 creatures vanquished.

Notes
Turn   | Place    | Note
-------+----------+-------------------------------------------
     0 | D:1      | hilljack the Gargoyle Berserker began the quest for the
                  | Orb.
     0 | D:1      | Reached XP level 1. HP: 14/14 MP: 1/1
   308 | D:1      | Reached XP level 2. HP: 19/19 MP: 2/2
   550 | D:1      | Reached skill level 1 in Stealth
   665 | D:1      | Reached XP level 3. HP: 23/23 MP: 3/3
  1024 | D:1      | Found a faded altar of an unknown god.
  1143 | D:2      | Noticed Jessica
  1154 | D:2      | Killed Jessica
  1154 | D:2      | Reached ** piety under Trog
  1155 | D:2      | Reached XP level 4. HP: 18/29 MP: 4/4
  1287 | D:2      | Noticed Robin
  1681 | D:2      | Killed Robin
  1813 | D:2      | Found a basalt altar of Yredelemnul.
  2465 | D:3      | Killed from afar by an orc priest

Illustrated notes

Levels and vault maps discovered:
D:1:      scummos_arrival_checkerplants, layout_basic,
          shapermc_ecumenical_altar_mp_urbaneastern, minmay_pentomino_q4
D:2:      layout_basic, basic_altar, uniq_robin, uniq_jessica
D:3:      layout_rooms, st_stairs_3

Skill      XL: |  1  2  3  4 |
---------------+-------------+-----
Stealth        | 1 2 |  2.1
Dodging        | 2 |  2.2
Armour         | 3 |  3.0
Fighting       | |  3.9
Maces & Flails | |  3.5

Action                   |  1- 3 |  4- 6 || total
-------------------------+-------+-------++-------
Melee: Mace              |    74 |    81 ||   155
Invok: Trog's Hand       |       |     2 ||     2
       Berserk           |       |     1 ||     1
Evoke: Wand              |       |     9 ||     9
  Use: Scroll            |       |     4 ||     4
 Stab: Sleeping          |     2 |       ||     2
Armor: Animal skin       |    31 |    46 ||    77
Dodge: Dodged            |    59 |   104 ||   163

Table legend: (Time is in decaauts)
 A = Elapsed time spent in this place.
 B = Non-inter-level travel time spent in this place.
 C = Inter-level travel time spent in this place.
 D = Time resting spent in this place.
 E = Time spent auto-exploring this place.
 F = Levels seen in this place.
 G = Mean time per level.
                   A        B        C        D        E       F      G
               +--------+--------+--------+--------+--------+-----+--------+
         Total |   2521 |   2460 |     61 |    421 |   1579 |   3 |  840.3 |
       Dungeon |   2521 |   2460 |     61 |    421 |   1579 |   3 |  840.3 |
               +--------+--------+--------+--------+--------+-----+--------+

Top non-repeatable levels by time:
     D:1: 1536 daAuts
     D:2: 964 daAuts
     D:3: 20 daAuts
